 Dungeon Crawl Stone Soup version 0.29-a0-393-g47a863cc1b (webtiles) character file.

Game seed: 5567146034763508864

24 trckry the Caller (level 2, -7/12 HPs)
             Began as a Felid Summoner on May 11, 2022.
             Mangled by a black bear (9 damage)
             ... created by the rage of Trog
             ... on level 1 of the Dungeon.
             The game lasted 00:03:05 (1162 turns).

trckry the Caller (Felid Summoner)                  Turns: 1162, Time: 00:03:05

Health: -7/12      AC:  1    Str:  4    XL:     2   Next: 79%
Magic:  6/6        EV: 17    Int: 16    God:
Gold:   32         SH:  0    Dex: 16    Spells: 4/5 levels left
                                        Lives:  0   Deaths: 0

rFire   . . .      SeeInvis +   (weapon unavailable)
rCold   . . .      Faith    .   (shield unavailable)
rNeg    . . .      Spirit   .   (body armour unavailable)
rPois   .          Reflect  .   (helmet unavailable)
rElec   .          Harm     .   (cloak unavailable)
rCorr   .          Rampage  .   (gloves unavailable)
Will    .....                   (boots unavailable)
Stlth   ++........              (no amulet)
HPRegen 0.04/turn               (no ring)
MPRegen 0.10/turn               (no ring)

@: quick
A: very small, claws 1, fangs 3, see invisible, speed 1, shaggy fur 1, stealthy
paws, no weapons or thrown items, no armour, multi-lived
a: no special abilities


You were on level 1 of the Dungeon.
You visited 1 branch of the dungeon, and saw 1 of its levels.

You collected 32 gold pieces.

Inventory:

Scrolls
 b - a scroll of identify {unknown}
 d - a scroll of vulnerability {unknown}
 f - a scroll of magic mapping {unknown}
 h - a scroll of amnesia {unknown}
Potions
 a - a potion of magic
 c - a potion of lignification {unknown}
 e - a potion of attraction {unknown}
 g - a potion of heal wounds {unknown}


   Skills:
 + Level 1.3 Fighting
 - Level 2.6 Dodging
 - Level 2.6 Stealth
 - Level 2.2 Spellcasting
 - Level 4.4 Summonings


You had 4 spell levels left.
You knew the following spells:

 Your Spells              Type           Power      Damage    Failure   Level
a - Summon Small Mammal   Summ           60%        N/A       3%          1

Your spell library contained the following spells:

 Spells                   Type           Power      Damage    Failure   Level
 Call Imp                 Summ           15%        N/A       4%          2
 Call Canine Familiar     Summ           15%        N/A       10%         3
 Summon Guardian Golem    Hex/Summ       8%         N/A       24%         3
 Summon Lightning Spire   Summ/Air       8%         N/A       63%         4


Dungeon Overview and Level Annotations

Branches:
Dungeon (1/15)

Altars:
Trog


Innate Abilities, Weirdness & Mutations

You have sharp claws.
You have razor-sharp teeth.
You have supernaturally acute eyesight. (SInv)
You cover ground quickly. (Speed+)
You are covered in fur. (AC +1)
Your paws help you pounce on unaware monsters.
You are incapable of wielding weapons or throwing items.
You cannot wear armour.
You gain extra lives every three experience levels.


Message History

You take 2 damage, and have 6/12 hp.
You barely miss the hobgoblin. Your bite misses the hobgoblin.
The hobgoblin is moderately wounded.
Your bat misses the hobgoblin. The giant cockroach closely misses you.
Your quokka barely misses the giant cockroach.
The giant cockroach closely misses you. The hobgoblin misses you.
You scratch the hobgoblin.
The hobgoblin is heavily wounded.
Your quokka bites the hobgoblin.
The giant cockroach misses you.
Your bat hits the hobgoblin. The hobgoblin hits your bat.
Your bat dies!
Your bat's corpse disappears in a puff of smoke!
The hobgoblin shouts!
Your quokka bites the hobgoblin.
The hobgoblin dies!
You closely miss the giant cockroach.
Your quokka bites the giant cockroach.
The giant cockroach misses your quokka.
MP restored: 6 You closely miss the giant cockroach.
The giant cockroach is heavily wounded.
Your quokka closely misses the giant cockroach.
The giant cockroach barely misses you.
You scratch the giant cockroach but do no damage.
The giant cockroach is heavily wounded.
Your quokka bites the giant cockroach.
The giant cockroach dies!
You see here a giant cockroach corpse.
Your quokka disappears in a puff of smoke!
Trog sends monsters to punish you.
A black bear and 2 polar bears come into view.
Found a dagger.
A dart slug comes into view.
The dart slug launches a dart at you. The slug dart hits you.
* * * LOW HITPOINT WARNING * * *
You take 5 damage, and have 2/12 hp.
MASSIVE DAMAGE!!
The black bear attacks as you move away!
The black bear bites you!
Ouch! That really hurt!
You die...

#....# .. ### #....#
.....
....#....##.......#.#
..#....##.......#.#
.'....>..........
#..............
#.......##...#
#..@#...##...####
#...h.h†##......# .
#...#..†...##...# #.
#...##..##.##...###.
#...#......†........
#...##..##.###.###..
##)#.#..##.##.......
#. w#..##.##..###..
#. #..##.##.......


You could see a polar bear (berserk), a black bear (berserk) and a dart slug.

Vanquished Creatures
  An endoplasm (D:1)
  2 hobgoblins (D:1)
  A quokka (D:1)
  A frilled lizard (D:1)
  A rat (D:1)
6 creatures vanquished.

Vanquished Creatures (collateral kills)
  2 ball pythons (D:1)
  A bat (D:1)
  3 endoplasms (D:1)
  2 giant cockroaches (D:1)
  4 hobgoblins (D:1)
  A kobold (D:1)
13 creatures vanquished.

Vanquished Creatures (others)
  A plant (D:1)
1 creature vanquished.

Grand Total: 20 creatures vanquished

Notes
Turn   | Place    | Note
-------+----------+-------------------------------------------
     0 | D:1      | trckry the Felid Summoner began the quest for the Orb.
     0 | D:1      | Reached XP level 1. HP: 7/7 MP: 4/4
   293 | D:1      | Reached XP level 2. HP: 8/11 MP: 6/6
   508 | D:1      | Found a faded altar of an unknown god.
   563 | D:1      | Prayed at the altar of an unknown god.
   563 | D:1      | Became a worshipper of Trog the Wrathful
   563 | D:1      | Reached * piety under Trog
   564 | D:1      | Was placed under penance by Trog
   569 | D:1      | Fell from the grace of Trog
   920 | D:1      | Reached skill level 1 in Fighting
  1158 | D:1      | Noticed a black bear
  1158 | D:1      | Noticed a polar bear
  1158 | D:1      | Noticed a polar bear
  1162 | D:1      | Mangled by a black bear

Illustrated notes

Levels and vault maps discovered:
D:1:      psy_arrival_dodecagon, layout_basic,
          shapermc_ecumenical_altar_acropolis

Skill      XL: |  1  2 |
---------------+-------+-----
Fighting       | 1 |  1.3
Dodging        | |  2.6
Stealth        | |  2.6
Spellcasting   | |  2.2
Summonings     | |  4.4

Action                   || total
-------------------------++-------
Melee: Unarmed           ||    34
       Bite              ||     2
 Cast: Summon Small Mamm ||    23
Invok: Renounce Religion ||     1
 Stab: Sleeping          ||     1
Armor: Skin              ||     1
Dodge: Dodged            ||    28

Table legend: (Time is in decaauts)
 A = Elapsed time spent in this place.
 B = Non-inter-level travel time spent in this place.
 C = Inter-level travel time spent in this place.
 D = Time resting spent in this place.
 E = Time spent auto-exploring this place.
 F = Levels seen in this place.
 G = Mean time per level.
                   A        B        C        D        E       F      G
               +--------+--------+--------+--------+--------+-----+--------+
         Total |   1079 |   1065 |     14 |      0 |    831 |   1 | 1079.0 |
       Dungeon |   1079 |   1065 |     14 |      0 |    831 |   1 | 1079.0 |
               +--------+--------+--------+--------+--------+-----+--------+

Top non-repeatable levels by time:
     D:1: 1079 daAuts
